 Dungeon Crawl Stone Soup version 0.24-a0-530-g18ba70b503 (webtiles) character file.

Game seed: 16667554875233238897

91 Mithandil the Destroyer (level 4, -1/28 HPs)
             Began as a Tengu Conjurer on Aug 9, 2019.
             Slain by an adder (4 damage)
             ... on level 3 of the Dungeon.
             The game lasted 00:09:54 (1083 turns).

Mithandil the Destroyer (Tengu Conjurer)            Turns: 1083, Time: 00:09:55

Health: -1/28      AC:  3    Str:  7 (9)  XL:     4   Next: 59%
Magic:  11/11      EV: 13    Int: 14 (16) God:
Gold:   75         SH:  0    Dex: 11 (14) Spells: 9/12 levels left

rFire    . . .     SeeInvis .   a - +0 mace
rCold    . . .     Gourm    .   (no shield)
rNeg     . . .     Faith    .   i - +0 leather armour
rPois    .         Spirit   .   (helmet restricted)
rElec    .         Reflect  .   (no cloak)
rCorr    .         Harm     .   (no gloves)
MR       .....                  (boots unavailable)
Stlth    ++........             (no amulet)
HPRegen  0.09/turn              (no ring)
MPRegen  0.12/turn              (no ring)

@: lethally poisoned (-1 -> -4)
A: beak, talons 3
a: no special abilities


You were on level 3 of the Dungeon.
You were not hungry.

You visited 1 branch of the dungeon, and saw 3 of its levels.

You collected 75 gold pieces.

Inventory:

Hand Weapons
 a - a +0 mace (weapon)
 b - a +0 hunting sling
 e - a +0 spear
 f - a cursed -1 hand axe
 k - a +0 falchion
Missiles
 h - 87 stones (quivered)
Armour
 i - a +0 leather armour (worn)
 l - a +0 cloak
Scrolls
 g - a scroll of enchant weapon
 j - a scroll of identify
Comestibles
 c - 2 rations
 d - 4 chunks of flesh


   Skills:
 + Level 3.3 Fighting
 + Level 4.5 Dodging
 + Level 4.3 Stealth
 * Level 4.9 Spellcasting
 * Level 8.6 Conjurations


You had 9 spell levels left.
You knew the following spells:

 Your Spells              Type           Power        Failure   Level  Hunger
a - Magic Dart            Conj           ####         1%          1    None
b - Searing Ray           Conj           ####..       1%          2    ##.....

Your spell library contained the following spells:

 Spells                   Type           Power        Failure   Level  Hunger
 Iskenderun's Mystic Bla  Conj           ####....     8%          4    ####...
 Dazzling Spray           Conj/Hex       ###...       14%         3    ###....
 Force Lance              Conj/Tloc      ###.....     41%         4    ####...
 Fulminant Prism          Conj/Hex       ###.......   41%         4    ####...


Dungeon Overview and Level Annotations

Branches:
Dungeon (3/15)

Altars:
Okawaru


Innate Abilities, Weirdness & Mutations

You have a beak for a mouth.
You have claws for feet.


Message History

You closely miss the adder.
You feel sick. The goblin hits you but does no damage. The adder misses you.
The goblin barely misses you.
You barely miss the adder. You peck the adder.
The adder is lightly wounded.
The adder misses you. The quokka completely misses you. The adder bites you.
The goblin closely misses you.
You hit the adder.
The adder is severely wounded.
You feel sick. The adder bites you. The quokka closely misses you.
The goblin hits you. The adder bites you.
* * * LOW HITPOINT WARNING * * *
The quokka closely misses you. The goblin barely misses you.
You miss the adder. Your peck misses the adder.
The adder is severely wounded.
The adder bites you.
* * * LOW HITPOINT WARNING * * *
The quokka bites you but does no damage.
The goblin hits you but does no damage. The adder bites you.
You die...

...... #......
....... .......
..).... .......
#########g......
##.......@S......
##.........r......
#..............###
#..>...........#
#..............#
#..............#
#...........$..#
##............##
##..........##


You could see an adder, a quokka and a goblin.

Vanquished Creatures
  2 adders (D:2)
  An ooze (D:1)
  3 dart slugs (D:1)
  2 bats
  2 giant cockroaches (D:2)
  4 goblins
  3 hobgoblins (D:1)
  4 kobolds
  2 quokkas (D:3)
  2 ball pythons
  2 frilled lizards
  5 rats
32 creatures vanquished.

Notes
Turn   | Place    | Note
-------+----------+-------------------------------------------
     0 | D:1      | Mithandil the Tengu Conjurer began the quest for the Orb.
     0 | D:1      | Reached XP level 1. HP: 10/10 MP: 4/4
   193 | D:1      | Reached XP level 2. HP: 16/16 MP: 0/6
   200 | D:1      | Learned a level 2 spell: Searing Ray
   395 | D:1      | Reached skill level 8 in Conjurations
   396 | D:1      | Reached XP level 3. HP: 23/23 MP: 7/10
   558 | D:1      | Reached XP level 4. HP: 28/28 MP: 8/11
  1023 | D:3      | Found an iron altar of Okawaru.
  1083 | D:3      | Slain by an adder

Levels and vault maps discovered:
D:1:      shiori_arrival_elements, layout_rooms, minmay_hexomino_p4
D:2:      layout_loops_ring, grunt_temple_overflow_open, first_ration
D:3:      layout_rooms, portal_sewer_entry_e, serial_park_tiny_2,
          okawaru_ov_weapons_minmay

Skill      XL: |  1  2 |
---------------+-------+-----
Fighting       | 3 |  3.3
Dodging        | 4 |  4.5
Stealth        | 4 |  4.3
Spellcasting   | 4 |  4.9
Conjurations   | 8 |  8.6

Action                   |  1- 3 |  4- 6 || total
-------------------------+-------+-------++-------
Melee: Mace              |     9 |    33 ||    42
       Peck              |     2 |     3 ||     5
       Unarmed           |     1 |       ||     1
       Kick              |     3 |     1 ||     4
 Cast: Magic Dart        |    26 |    13 ||    39
       Searing Ray       |       |     1 ||     1
  Use: Potion            |     5 |       ||     5
       Scroll            |     1 |     1 ||     2
 Stab: Sleeping          |       |     1 ||     1
  Eat: Chunk             |       |     1 ||     1
Armor: Robe              |     3 |       ||     3
       Leather armour    |     1 |    11 ||    12
Dodge: Dodged            |     6 |    45 ||    51

Table legend:
 A = Non-vault XP
 B = Vault XP
 C = Vault XP percentage of total XP
 D = Non-vault monster count
 E = Vault monster count
 F = Vault count percentage of total count
                 A         B        C        D         E       F
            +---------+---------+-------+---------+---------+-------
      Total |      83 |       4 |   4.6 |      28 |       4 |  12.5
            +---------+---------+-------+---------+---------+-------
        D:1 |      33 |       4 |  10.8 |      12 |       4 |  25.0
        D:2 |      40 |       0 |   0.0 |       9 |       0 |   0.0
        D:3 |      10 |       0 |   0.0 |       7 |       0 |   0.0
            +---------+---------+-------+---------+---------+-------
